 Dungeon Crawl Stone Soup version 0.27-a0-819-g058290f16d (webtiles) character file.

Game seed: 6808624594537401155

658 Azzok the Ruffian (level 7, 0/61 HPs)
             Began as a Troll Transmuter on Mar 29, 2021.
             Succumbed to a scorpion's poison
             ... on level 5 of the Dungeon.
             The game lasted 00:03:39 (2437 turns).

Azzok the Ruffian (Troll Transmuter)                Turns: 2437, Time: 00:03:39

Health: 0/61       AC:  6    Str: 21    XL:     7   Next: 30%
Magic:  7/7        EV:  9    Int:  9    God:
Gold:   149        SH:  0    Dex: 10    Spells: 7/8 levels left

rFire    . . .     SeeInvis .     - Unarmed
rCold    . . .     Faith    .   (no shield)
rNeg     . . .     Spirit   .   a - +0 robe
rPois    .         Reflect  .   p - +2 hat
rElec    .         Harm     .   (no cloak)
rCorr    .         Rampage  .   (gloves unavailable)
Will     .....                  (boots unavailable)
Stlth    +.........             (no amulet)
HPRegen  1.20/turn              (no ring)
MPRegen  0.10/turn              (no ring)

@: lethally poisoned (0 -> -4)
A: large, unfitting armour, claws 3, regeneration 1, shaggy fur 1, tough skin 1
a: no special abilities


You were on level 5 of the Dungeon.
You visited 1 branch of the dungeon, and saw 5 of its levels.

You collected 149 gold pieces.

Inventory:

Armour
 a - a +0 robe (worn)
 p - a +2 hat (worn)
Jewellery
 f - an amulet of faith
Scrolls
 b - 2 scrolls of enchant armour {unknown}
 c - 5 scrolls of identify {unknown}
 g - 3 scrolls of magic mapping {unknown}
 n - a scroll of enchant weapon {unknown}
Potions
 d - a potion of haste
 e - a potion of might {unknown}
 h - a potion of heal wounds {unknown}
 i - 2 potions of ambrosia {unknown}
 j - a potion of berserk rage {unknown}
 k - 5 potions of curing
 l - a potion of lignification {unknown}
 m - 3 potions of degeneration {unknown}
 o - a potion of brilliance {unknown}
 q - a potion of flight {unknown}


   Skills:
 - Level 0.7 Fighting
 - Level 1.5 Dodging
 + Level 6.3 Unarmed Combat
 - Level 1.2 Spellcasting
 + Level 4.4 Transmutations


You had 7 spell levels left.
You knew the following spells:

 Your Spells              Type           Power      Damage    Failure   Level
a - Beastly Appendage     Tmut           16%        N/A       6%          1

Your spell library contained the following spells:

 Spells                   Type           Power      Damage    Failure   Level
 Wereblood                Tmut           8%         N/A       9%          2
 Animate Skeleton         Necr           0%         N/A       36%         1
 Apportation              Tloc           0%         N/A       36%         1
 Corona                   Hex            0%         N/A       36%         1
 Summon Small Mammal      Summ           0%         N/A       36%         1
 Spider Form              Tmut/Pois      2%         N/A       41%         3
 Ice Form                 Ice/Tmut       4%         N/A       82%         4
 Blade Hands              Tmut           4%         N/A       85%         5


Dungeon Overview and Level Annotations

Branches:
Dungeon (5/15)
 Temple: D:4-7

Altars:
Ashenzari


Innate Abilities, Weirdness & Mutations

You are too large for most types of armour.
You have claws for hands.
Your natural rate of healing is unusually fast.
You are covered in fur. (AC +1)
You have tough skin. (AC +1)


Message History

You see here an adder corpse.
You feel sick.
You feel sick.
You feel sick.
You feel sick.
You feel sick.
You feel sick.
You feel sick.
You feel sick.
You are no longer poisoned.
There is a stone staircase leading down here.
The scorpion stings you.
* * * LOW HITPOINT WARNING * * *
You are poisoned.
The scorpion poisons you!
You climb downwards.
You hear the sound of rushing water.
There is an entrance to a sewer on this level.
Hurry and find it before the portal rusts away!
You feel sick.
Found a twisted golden amulet.
There is a stone staircase leading up here.
You scratch the scorpion but do no damage.
The scorpion is heavily wounded.
You feel sick. The scorpion barely misses you.
You barely miss the scorpion.
The scorpion is heavily wounded.
You feel sick. The scorpion stings you.
* * * LOW HITPOINT WARNING * * *
You are lethally poisoned!
The scorpion poisons you!
You scratch the scorpion.
The scorpion is severely wounded.
* * * LOW HITPOINT WARNING * * *
You feel very sick. The scorpion closely misses you.
You claw the scorpion!
You kill the scorpion!
* * * LOW HITPOINT WARNING * * *
You feel very sick.
You die...

▒▒▒▒ ▒··▒▒▒▒
▒▒▒▒··"··▒
········▒
▒▒▒·····▒
▒···@<··▒
········▒▒▒▒
▒▒▒▒▒·▒·▒
▒·▒·▒ · ···
▒· ··· ▒
···· ·····


There were no monsters in sight!

Vanquished Creatures
  3 necrophages
  An ogre (D:4)
  A scorpion (D:5)
  A centaur zombie (D:4)
  An orc wizard (D:3)
  Robin (D:3)
  7 adders
  4 gnolls (D:4)
  3 dart slugs
  5 orcs
  11 ball pythons
  6 endoplasms
  2 giant cockroaches
  4 goblins
  10 hobgoblins
  9 jackals
  7 kobolds
  4 quokkas
  4 bats
  A frilled lizard (D:3)
  7 rats
92 creatures vanquished.

Notes
Turn   | Place    | Note
-------+----------+-------------------------------------------
     0 | D:1      | Azzok the Troll Transmuter began the quest for the Orb.
     0 | D:1      | Reached XP level 1. HP: 18/18 MP: 1/1
   176 | D:1      | Reached XP level 2. HP: 26/26 MP: 2/2
   698 | D:2      | Reached XP level 3. HP: 28/32 MP: 3/3
   955 | D:2      | Found a faded altar of an unknown god.
  1432 | D:3      | Reached skill level 4 in Unarmed Combat
  1432 | D:3      | Found a broken altar of Ashenzari.
  1568 | D:3      | Reached XP level 4. HP: 40/40 MP: 4/4
  1665 | D:3      | Noticed a necrophage
  1673 | D:3      | Killed a necrophage
  1674 | D:3      | Reached XP level 5. HP: 43/46 MP: 5/5
  1931 | D:3      | Noticed Robin
  1951 | D:3      | Killed Robin
  2125 | D:4      | Reached skill level 5 in Unarmed Combat
  2214 | D:4      | Reached XP level 6. HP: 48/54 MP: 6/6
  2308 | D:4      | Reached skill level 6 in Unarmed Combat
  2308 | D:4      | Reached XP level 7. HP: 51/61 MP: 7/7
  2432 | D:5      | Entered Level 5 of the Dungeon
  2436 | D:5      | HP: 2/61 [poisoned by a scorpion]
  2437 | D:5      | Succumbed to a scorpion's poison

Illustrated notes

Levels and vault maps discovered:
D:1:      doesnt_arrival_eight_statues, layout_loops_cross,
          minmay_misc_feat_five, minmay_hedge_maze
D:2:      layout_basic, chequers_ecumenical_altar_island, minmay_octomino_c4
D:3:      layout_basic, ashenzari_altar_1, patterned_corridor, uniq_robin
D:4:      layout_loops_ring, chequers_garden, minmay_increasing_density
D:5:      layout_rooms, old_standard_altar, minmay_temple_entry_stoned_glass,
          basic_altar, gup_sewer_entry_glass

Skill      XL: |  1  2  3  4  5  6 |
---------------+-------------------+-----
Transmutations | 2 3 4 |  4.4
Unarmed Combat | 4 5 6 |  6.3
Fighting       | |  0.7
Dodging        | |  1.5
Spellcasting   | |  1.2

Action                   |  1- 3 |  4- 6 |  7- 9 || total
-------------------------+-------+-------+-------++-------
Melee: Unarmed           |   130 |   111 |    33 ||   274
       Punch             |       |     1 |     1 ||     2
 Stab: Sleeping          |     1 |       |       ||     1
Armor: Robe              |    48 |    40 |    17 ||   105
Dodge: Dodged            |    58 |    50 |    25 ||   133

Table legend: (Time is in decaauts)
 A = Elapsed time spent in this place.
 B = Non-inter-level travel time spent in this place.
 C = Inter-level travel time spent in this place.
 D = Time resting spent in this place.
 E = Time spent auto-exploring this place.
 F = Levels seen in this place.
 G = Mean time per level.
                   A        B        C        D        E       F      G
               +--------+--------+--------+--------+--------+-----+--------+
         Total |   2415 |   2343 |     72 |      0 |   1842 |   5 |  483.0 |
       Dungeon |   2415 |   2343 |     72 |      0 |   1842 |   5 |  483.0 |
               +--------+--------+--------+--------+--------+-----+--------+

Top non-repeatable levels by time:
     D:2: 824 daAuts
     D:3: 721 daAuts
     D:1: 563 daAuts
     D:4: 301 daAuts
     D:5: 4 daAuts
